 Dungeon Crawl Stone Soup version 0.27-a0-1188-g73eefd5def (webtiles) character file.

Game seed: 13137479452504298517

66 Sobieck the Chopper (level 4, 0/57 HPs)
             Began as a Hill Orc Gladiator on May 21, 2021.
             Succumbed to an orc's poison
             ... on level 3 of the Dungeon.
             The game lasted 00:03:16 (870 turns).

Sobieck the Chopper (Hill Orc Gladiator)             Turns: 870, Time: 00:03:16

Health: 0/57       AC:  6    Str: 17    XL:     4   Next: 15%
Magic:  4/4        EV: 12    Int:  8    God:
Gold:   31         SH:  0    Dex: 12    Spells: 3/3 levels left

rFire    + . .     SeeInvis .   a - +0 war axe {axe}
rCold    . . .     Faith    .   (no shield)
rNeg     . . .     Spirit   .   f - +2 robe {rF+}
rPois    .         Reflect  .   c - +0 helmet
rElec    .         Harm     .   (no cloak)
rCorr    .         Rampage  .   (no gloves)
Will     .....                  k - +0 pair of boots
Stlth    ..........             (no amulet)
HPRegen  0.19/turn              (no ring)
MPRegen  0.09/turn              (no ring)

@: berserking, lethally poisoned (0 -> -11), very quick
A: no striking features
a: no special abilities


You were on level 3 of the Dungeon.
You visited 1 branch of the dungeon, and saw 4 of its levels.

You collected 31 gold pieces.


   Skills:
 + Level 3.3 Fighting
 * Level 5.4 Axes
 - Level 1.7 Throwing
 + Level 1.6 Armour
 - Level 2.4 Dodging


You had 3 spell levels left.
You didn't know any spells.
Your spell library was empty.

Inventory:

Hand Weapons
 a - a +0 war axe (weapon) {axe}
Missiles
 d - 3 throwing nets {=f!fthrowing}
 e - 64 stones (quivered) {throwing}
 h - 24 arrows
Armour
 b - a +0 leather armour
 c - a +0 helmet (worn)
 f - a +2 robe of fire resistance (worn)
   (You found it on level 1 of the Dungeon)
 j - a +0 ring mail
   (You found it on level 1 of the Dungeon)
 k - a +0 pair of boots (worn)
   (You found it on level 1 of the Dungeon)
Scrolls
 l - a scroll of amnesia {unknown}
Potions
 i - a potion of heal wounds {unknown}

Dungeon Overview and Level Annotations

Branches:
Dungeon (4/15)
 Temple: D:4-7

Altars:
Gozag

Annotations:
D:3 exclusion: downstairs
D:4 Blork the orc

##....†...
#......... .#
#......... .#
#......... #.#
#.........
#####.###.........
#.................
#>................
#@................
#.)^..............
#.................
#.................
#.................
#.................
#......$..#.......
#...(.....####....
########### ....


There were no monsters in sight!


Message History

No target in view!
Press: ? - help, v - describe, . - travel A stone staircase leading down.
Placed new exclusion.
Reduced exclusion size to a single square.
(D) Dungeon
Where to? (Enter - D:4, ? - help)
There is a stone staircase leading up here.
You climb upwards.
The adder hisses angrily.
The orc shouts! x2 2 kobolds and an orc come into view.
The kobold shouts!
You hear a shout!
You hear an angry hiss.
An orc comes into view. It is wielding a +0 mace of venom.
A ball python comes into view.
The adder barely misses you.
The kobold shouts!
There is a stone staircase leading down here.
The adder bites you. The orc closely misses you.
You climb downwards.
Level annotation: exclusion: downstairs
There is a stone staircase leading up here. 😕 HP[-2]
You take 2 damage, and now have 28/31 hp.
You barely miss the adder. You slash the orc!
You kill the orc!
The adder bites you but does no damage. The adder completely misses you.
You closely miss the adder. The adder bites you but does no damage.
You hit the adder. The adder barely misses you.
The adder bites you but does no damage. 😕 HP[+1]
You closely miss the adder. The adder misses you.
You closely miss the adder. The adder barely misses you.
The adder closely misses you.
You slash the adder! The adder barely misses you.
You hit the adder.
You kill the adder!
You have reached level 4! 😕 HP[+7] MP[+1]
You now have 38 max hp (+7).
You regained 7 hp, and now have 36/38 hp.
Your mp is fully restored (4).
You climb upwards.
The orc hits you with a +0 mace of venom.
The orc hits you but does no damage. x2
There is a stone staircase leading down, spattered with blood here. 😕 HP[-3]
You take 3 damage, and now have 33/38 hp.
The orc closely misses you.
The orc hits you with a +0 mace of venom.
You are poisoned.
You climb downwards.
Level annotation: exclusion: downstairs You feel very sick.
There is a stone staircase leading up here. 😮 HP[-11]
You take 11 damage, and now have 22/38 hp.
MASSIVE DAMAGE!! (PAUSE)
You hit the orc but do no damage. You closely miss the orc.
You feel very sick. The orc misses you. The orc barely misses you.
The orc completely misses you. 😮 HP[-2]
You take 2 damage, and now have 20/38 hp.
You hit the orc but do no damage. You slash the orc!
You kill the orc!
You feel sick. The orc barely misses you. 😨 HP[-2]
You take 2 damage, and now have 18/38 hp.
You barely miss the orc.
You feel sick. The orc barely misses you.
The orc hits you with a +0 mace of venom.
* * * LOW HITPOINT WARNING * * *
You are more poisoned. 😨 HP[-7]
You take 7 damage, and now have 11/38 hp.
You hit the orc.
* * * LOW HITPOINT WARNING * * *
You feel sick. The orc hits you but does no damage.
You are lethally poisoned! 😱 HP[-2]
You take 2 damage, and now have 9/38 hp.
You closely miss the orc.
* * * LOW HITPOINT WARNING * * *
You feel very sick. The orc barely misses you. 😱 HP[-5]
You take 5 damage, and now have 4/38 hp.
Unknown command.
It was a potion of berserk rage.
A red film seems to cover your vision as you go berserk!
You feel yourself moving faster!
You feel mighty!
* * * LOW HITPOINT WARNING * * *
You feel very sick.
The orc hits you with a +0 mace of venom.
* * * LOW HITPOINT WARNING * * *
😱 HP[-2]
You now have 57 max hp (+19).
You are too berserk!
Unknown command.
You slice the orc!!
You kill the orc!
You die...

Skill      XL: |  1  2  3 |
---------------+----------+-----
Armour         | 1 |  1.6
Fighting       | 3 |  3.3
Axes           | 5 |  5.4
Throwing       | |  1.7
Dodging        | |  2.4

Action                   |  1- 3 |  4- 6 || total
-------------------------+-------+-------++-------
Melee: War axe           |    68 |     6 ||    74
Throw: Stone             |    33 |       ||    33
  Use: Potion            |       |     1 ||     1
Armor: Robe              |    42 |     3 ||    45
Dodge: Dodged            |    69 |     7 ||    76

Levels and vault maps discovered:
D:1:      dpeg_arrival_snail, layout_basic, supply_closet_lemuel, minivault_14
D:2:      layout_loops_ring, basic_ecumenical_altar, basic_altar,
          corexii_leaking_fountain
D:3:      layout_rooms, nicolae_overflow_hidden_temple, amcnicky_altar_gilded
D:4:      layout_basic, lemuel_coloured_pillars_altar, uniq_blork_the_orc

Notes
Turn   | Place    | Note
-------+----------+-------------------------------------------
     0 | D:1      | Sobieck the Hill Orc Gladiator began the quest for the Orb.
     0 | D:1      | Reached XP level 1. HP: 18/18 MP: 1/1
     0 | D:1      | magus.rc [v1.9.6]
   210 | D:1      | Reached XP level 2. HP: 19/25 MP: 2/2
   460 | D:1      | Reached skill level 1 in Armour
   534 | D:2      | Found an opulent altar of Gozag.
   622 | D:3      | Reached XP level 3. HP: 18/30 MP: 3/3
   837 | D:4      | Noticed Blork the orc
   848 | D:3      | Reached skill level 3 in Fighting
   848 | D:3      | Reached skill level 5 in Axes
   860 | D:3      | Reached XP level 4. HP: 36/38 MP: 4/4
   867 | D:3      | HP: 9/38 [poisoned by an orc]
   868 | D:3      | HP: 4/38 [poisoned by an orc]
   870 | D:3      | Succumbed to an orc's poison

Vanquished Creatures
  A hound (D:3)
  An adder (D:3)
  4 orcs
  2 endoplasms
  3 giant cockroaches (D:1)
  A goblin (D:1)
  A hobgoblin (D:1)
  7 ball pythons
  2 bats (D:1)
  3 frilled lizards (D:1)
  A kobold (D:1)
  2 rats (D:1)
28 creatures vanquished.

Table legend:
 A = Non-vault XP
 B = Vault XP
 C = Vault XP percentage of total XP
 D = Non-vault monster count
 E = Vault monster count
 F = Vault count percentage of total count
                 A         B        C        D         E       F
            +---------+---------+-------+---------+---------+-------
      Total |      98 |       0 |   0.0 |      28 |       0 |   0.0
            +---------+---------+-------+---------+---------+-------
        D:1 |      28 |       0 |   0.0 |      19 |       0 |   0.0
        D:2 |       3 |       0 |   0.0 |       1 |       0 |   0.0
        D:3 |      67 |       0 |   0.0 |       8 |       0 |   0.0
            +---------+---------+-------+---------+---------+-------

Illustrated notes

Table legend:
 A = Kills in this place as a percentage of kills in entire the game.
 B = Kills by you in this place as a percentage of kills by you in the entire game.
 C = Kills by friends in this place as a percentage of kills by friends in the entire game.
 D = Other kills in this place as a percentage of other kills in the entire game.
 E = Experience gained in this place as a percentage of experience gained in the entire game.
 F = Experience gained in this place divided by the number of levels of this place that you have seen.
                   A       B       C       D       E      F
               +-------+-------+-------+-------+-------+----------------------
         Total | 100.0 | 100.0 |   N/A |   N/A | 100.0 |  24.5
       Dungeon | 100.0 | 100.0 |   N/A |   N/A | 100.0 |  24.5
               +-------+-------+-------+-------+-------+----------------------

Table legend: (Time is in decaauts)
 A = Elapsed time spent in this place.
 B = Non-inter-level travel time spent in this place.
 C = Inter-level travel time spent in this place.
 D = Time resting spent in this place.
 E = Time spent auto-exploring this place.
 F = Levels seen in this place.
 G = Mean time per level.
                   A        B        C        D        E       F      G
               +--------+--------+--------+--------+--------+-----+--------+
         Total |    894 |    866 |     28 |    312 |    320 |   4 |  223.5 |
       Dungeon |    894 |    866 |     28 |    312 |    320 |   4 |  223.5 |
               +--------+--------+--------+--------+--------+-----+--------+

Top non-repeatable levels by time:
     D:1: 532 daAuts
     D:3: 262 daAuts
     D:2: 95 daAuts
     D:4: 3 daAuts
